 Dungeon Crawl Stone Soup version 0.17.2-1-ge4368a0 (webtiles) character file.

71197 Goblin1989 the Fighter (level 15, -3/86 HPs)
             Began as a Vine Stalker Berserker on Dec 11, 2016.
             Was the Champion of Trog.
             Killed by divine providence
             ... invoked by a smoke demon
             ... summoned by an orc high priest
              (11 damage)
             ... on level 4 of the Orcish Mines.
             The game lasted 01:22:56 (22278 turns).

Goblin1989 the Fighter (Vine Stalker Berserker)    Turns: 22278, Time: 01:22:57

Health: -3/86      AC: 17    Str: 19    XL:     15   Next: 35%
Magic:  0/5        EV: 19    Int:  2    God:    Trog [******]
Gold:   1834       SH: 13    Dex: 21    Spells: 0 memorised, 14 levels left

rFire  . . .     SeeInvis .     a - +6 quick blade (antimagic)
rCold  . . .     Clarity  .     P - +5 ring mail of the Trees {rElec rPois rN+ Int-5}
rNeg   + . .     SustAt   .     S - +0 shield
rPois  +         Gourm    +     N - +2 helmet
rElec  +         Spirit   +     r - +2 cloak
rCorr  .         Warding  .     D - +0 pair of gloves {archery}
rMut   .         Stasis   .     W - +1 pair of boots {Fly}
MR     ++...                    k - amulet of the gourmand
Stlth  +++.......               (no ring)
                                m - ring of protection from magic

@: corroded equipment, flying, very resistant to hostile enchantments, fairly
stealthy
A: fangs 3, regeneration 3, magic shield, antimagic bite, no device heal 3, rot
immunity
a: Berserk, Trog's Hand, Brothers in Arms, Burn Spellbooks, Renounce Religion,
Stop Flying


You were on level 4 of the Orcish Mines.
You worshipped Trog.
Trog was exalted by your worship.
You were completely stuffed.

You visited 3 branches of the dungeon, and saw 23 of its levels.
You also visited: Sewer.

You collected 2673 gold pieces.
You spent 839 gold pieces at shops.

Inventory:

Hand Weapons
 a - a +6 antimagic quick blade (weapon)
 b - the +2 dagger of Prescription {freeze, rN++ MR+ Int+2}
   (You found it on level 7 of the Dungeon)

   It has been specially enchanted to freeze those struck by it, causing extra
   injury to most foes and up to half again as much damage against particularly
   susceptible opponents.
   It can also slow down cold-blooded creatures.
   It affects your intelligence (+2).
   It greatly protects you from negative energy.
   It affects your resistance to hostile enchantments.
 w - a +0 blowgun {@w1}
 B - a +5 antimagic quick blade
Missiles
 Z - 5 throwing nets {=f, !d}
Armour
 r - a +2 cloak (worn)
 D - a +0 pair of gloves of archery (worn)
 N - a +2 helmet (worn)
 P - the +5 ring mail of the Trees (worn) {rElec rPois rN+ Int-5}
   (You found it on level 6 of the Dungeon)

   It affects your intelligence (-5).
   It insulates you from electricity.
   It protects you from poison.
   It protects you from negative energy.
 S - a +0 shield (worn)
 W - a +1 pair of boots of flying (worn)
Jewellery
 j - an amulet of resist mutation
 k - an amulet of the gourmand (around neck)
 m - a ring of protection from magic (left hand)
 C - a ring of fire
Wands
 g - a wand of draining (2)
 i - a wand of fire (2)
 y - a wand of disintegration (7)
 K - a wand of teleportation (3) {!v, @v4}
 L - a wand of lightning (8)
 Y - a wand of invisibility (0)
Scrolls
 d - a scroll of vulnerability {unknown}
 n - 9 scrolls of remove curse {@r2}
 o - 3 scrolls of amnesia {unknown}
 s - 4 scrolls of noise {!r}
 t - 5 scrolls of fear
 u - a scroll of acquirement {unknown}
 E - 4 scrolls of recharging {unknown}
 I - 7 scrolls of fog {unknown}
 M - 8 scrolls of magic mapping
 O - 4 scrolls of enchant weapon {unknown}
 T - 9 scrolls of teleportation {!r, @r4}
 X - 2 scrolls of blinking {unknown}
Potions
 h - 5 potions of ambrosia {!q}
 l - 7 potions of curing {@q1}
 p - 7 potions of agility
 A - 4 potions of haste {!q, @q3}
 F - 2 potions of might
 G - a potion of resistance
 H - 4 potions of invisibility
 U - a potion of mutation {unknown}
Books
 J - a book of Power

   Spells                             Type                      Level
   a - Fulminant Prism                Conjuration/Hexes            4
   b - Iskenderun's Mystic Blast      Conjuration                  4
   c - Venom Bolt                     Conjuration/Poison           5
   d - Bolt of Magma                  Conjuration/Fire/Earth       5
   e - Iron Shot                      Conjuration/Earth            6
   f - Orb of Destruction             Conjuration                  7
   g - Spellforged Servitor           Conjuration/Summoning        7
   Trog disapproves of the use of such an item.
 Q - a book of Battle

   Spells                             Type                      Level
   a - Infusion                       Charms                       1
   b - Shroud of Golubria             Charms/Translocation         2
   c - Song of Slaying                Charms                       2
   d - Spectral Weapon                Hexes/Charms                 3
   e - Regeneration                   Charms/Necromancy            3
   Trog disapproves of the use of such an item.
Miscellaneous
 e - a legendary deck of summoning
 x - a phantom mirror
Comestibles
 c - 11 bread rations {@e1}
 f - 23 fruits
 q - 16 royal jellies
 v - 12 meat rations {@e2}
 z - 4 beef jerkies
 V - 4 chunks of flesh {@w0}


   Skills:
 + Level 13.3 Fighting
 * Level 11.3 Short Blades
 - Level 7.1 Armour
 + Level 10.5 Dodging
 - Level 6.0 Stealth
 * Level 10.9 Shields


You had 14 spell levels left.
You didn't know any spells.

Dungeon Overview and Level Annotations

Branches:
Dungeon (11/15)            Temple (0/1) D:6            Lair (8/8) D:8
 Shoals (0/4) Lair:6        Snake (0/4) Lair:5        Slime (0/6) Lair:6
    Orc (4/4) D:10            Elf (0/3) Orc:3

Altars:
Ashenzari
Cheibriados
Elyvilon
Fedhas
Ru
Sif Muna
Trog
Zin
Beogh
Jiyva

Shops:
D:8 [(:[   D:10 *   Orc:2 *   Orc:4 *

Annotations:
D:4 exclusion: door
D:5 2 runed doors
Lair:6 1 runed door, exclusion: 2 jellies


Innate Abilities, Weirdness & Mutations

You have razor-sharp teeth.
You regenerate.
When hurt, damage is shared between your health and your magic reserves.
Your bite disrupts and absorbs the magic of your enemies.
Potions and wands cannot restore your health.
You are immune to rotting.


Message History

You see here an orc corpse.
The orc high priest is engulfed in roaring flames.
The orc high priest invokes the aid of Beogh against you.
Something smites you! The sun demon hits you!!
* * * LOW HITPOINT WARNING * * *
You are engulfed in flames!
* * * LOW HITPOINT WARNING * * *
You take 41 damage, and have 7/86 hp.
MASSIVE DAMAGE!!
You now have 0/5 mp.
Read which item? (? for menu, Esc to quit)
As you read the scroll labeled ZIKICA GERUP, it crumbles to dust.
You assume a fearsome visage.
The smoke demon is unaffected.
The sun demon is unaffected.
The orc looks frightened!
The orc looks frightened!
The orc high priest looks frightened!
It was a scroll of fear.
The orc gibbers meaninglessly.
You block the sun demon's attack.
The orc high priest is engulfed in roaring flames.
The smoke demon gestures at you. Something smites you!
You die...

.█..█...............█
██.........).....█.██
██..............███
███........)†)..██
█....█....)).)..██
█...█.8.8ooo.....█
█.......3§.†....██
██...██∆∆4██.3....█
█..███.....███@..██
█.██ █8..38█ ██...█
█.█ ██..o██ █..██ █.█


█o3o█ █.██ █.█...o..o▲ █.█ █.█...█o.o█ █)█ █ █.█████.8O█ █)█ █ █.█ █.T.█ █)█ █
o..oo █.█ You could see an orc high priest (fleeing), a sun demon, a smoke demon
and 2 orcs.

Vanquished Creatures
  Donald (Orc:4)
  Maud (Orc:3)
  Fannar (D:11)
  Harold (Orc:3)
  3 hydras
  A catoblepas (Lair:8)
  10 death yaks
  2 hill giants
  A lindwurm (Lair:8)
  2 orc knights (Orc:3)
  2 orc sorcerers
  An ugly thing (D:11)
  A salamander (Lair:6)
  2 griffons
  7 elephants
  A siren (Lair:6)
  2 manticores (Lair:8)
  Joseph (Lair:1)
  A black mamba (Lair:8)
  A torpor snail (Lair:4)
  7 komodo dragons
  17 spiny frogs
  4 fire drakes
  32 blink frogs
  The ghost of Goblin1989 the Cudgeler, a novice VSFi of Jiyva (D:6)
  2 raiju (Lair:8)
  Grinder (D:5)
  9 polar bears
  A troll (D:11)
  3 fire bats (Lair:6)
  4 wraiths (D:11)
  3 wyverns
  45 yaks
  A deep elf mage (D:11)
  8 hippogriffs
  A fire elemental (Lair:6)
  Grum (D:9)
  39 wolves
  4 basilisks
  Edmund (D:5)
  10 wargs
  11 water moccasins
  15 black bears
  3 hell hounds (Lair:8)
  A wasp (D:11)
  An eye of draining (D:11)
  2 ice beasts
  A phantom (D:10)
  2 sky beasts
  18 orc warriors
  9 porcupines
  13 ogres
  A necrophage (D:10)
  7 centaurs
  9 crocodiles
  15 giant frogs
  2 wyvern skeletons (D:10)
  3 scorpions
  8 wights
  A lava snake (Lair:6)
  6 crimson imps
  An electric eel (Lair:5)
  2 quasits
  37 orc priests
  27 orc wizards
  A centaur zombie (D:9)
  A giant frog zombie (D:8)
  9 iguanas
  A giant frog skeleton (D:8)
  15 hounds
  8 worker ants
  22 sheep
  A hound skeleton (D:4)
  A worker ant zombie (D:6)
  55 river rats
  12 gnolls
  15 adders
  2 shadow imps
  An ooze (Sewer)
  An adder skeleton (D:7)
  An adder zombie (D:7)
  6 worms
  4 giant geckos
  172 orcs
  17 ball pythons
  8 bats
  6 giant cockroaches
  14 hobgoblins
  14 jackals
  5 kobolds
  6 quokkas
  A giant gecko skeleton (D:6)
  4 giant newts
  9 goblins
  A jackal skeleton (D:4)
  32 rats
  A plant (Lair:8)
877 creatures vanquished.

Vanquished Creatures (collateral kills)
  Gastronok (Lair:3)
  Josephine (D:11)
  2 tengu warriors (D:11)
  2 hill giants
  2 wraiths (D:11)
  A yak (Lair:7)
  A centaur (D:10)
  A giant frog (Lair:5)
  4 killer bees (D:10)
  A giant frog zombie (D:11)
  A centaur skeleton (D:11)
  A quasit (D:11)
  An orc wizard (D:11)
  5 orcs
24 creatures vanquished.

Vanquished Creatures (others)
  2 orcs
  5 fungi
  15 plants
22 creatures vanquished.

Grand Total: 923 creatures vanquished

Notes
Turn   | Place    | Note
--------------------------------------------------------------
     0 | D:1      | Goblin1989 the Vine Stalker Berserker began the quest for the Orb.
     0 | D:1      | Reached XP level 1. HP: 11/11 MP: 2/2
     0 | D:1      | Goblin1989: !lg goblin1989 s=-god
     0 | D:1      | beem: 1599 games for goblin1989: Beogh, 2x Jiyva, 2x Pakellas, 2x Nemelex Xobeh, 3x Yredelemnul, 3x Sif Muna, 4x Zin, 7x Kikubaaqudgha, 7x The Shining One, 8x Uskayaw, 10x Xom, 10x Qazlal, 12x Vehumet, 13x Elyvilon, 14x Fedhas, 15x Hepliaklqana, 26x Ashenzari, 26x Dithmenos, 28x Lugonu, 37x Ru, 50x Cheibriados, 81x Makhleb, 83x Trog, 97x Okawaru, 97x Gozag, 961x
    62 | D:1      | Reached skill level 1 in Stealth
   173 | D:1      | Reached skill level 3 in Short Blades
   173 | D:1      | Reached XP level 2. HP: 16/16 MP: 3/3
   908 | D:2      | Reached XP level 3. HP: 19/19 MP: 4/4
  1073 | D:2      | Found a snail-covered altar of Cheibriados.
  1092 | D:2      | Reached ** piety under Trog
  1653 | D:2      | Reached XP level 4. HP: 16/23 MP: 3/5
  2168 | D:3      | Reached skill level 4 in Short Blades
  2893 | D:4      | Reached XP level 5. HP: 23/28 MP: 6/6
  2930 | D:4      | Found a deep blue altar of Sif Muna.
  3125 | D:4      | Reached *** piety under Trog
  3464 | D:4      | Gained mutation: You heal very quickly. [Vine Stalker growth]
  3464 | D:4      | Reached XP level 6. HP: 28/32 MP: 7/7
  3566 | D:5      | Entered Level 5 of the Dungeon
  3567 | D:5      | Noticed Edmund
  3594 | D:5      | Killed Edmund
  3594 | D:5      | Reached skill level 5 in Short Blades
  3641 | D:5      | Found a glowing drain.
  3654 | Sewer    | Entered a sewer
  3908 | Sewer    | Reached XP level 7. HP: 26/37 MP: 8/8
  3923 | Sewer    | Reached **** piety under Trog
  4068 | Sewer    | Reached skill level 6 in Short Blades
  4283 | D:5      | Noticed Grinder
  4293 | D:5      | Killed Grinder
  4293 | D:5      | Gained mutation: You have razor-sharp teeth. [Vine Stalker growth]
  4293 | D:5      | Reached XP level 8. HP: 42/42 MP: 9/9
  4484 | D:5      | Found a runed door.
  4567 | D:5      | Found a shattered altar of Ashenzari.
  4861 | D:5      | Found a runed door.
  5133 | D:6      | Reached skill level 7 in Short Blades
  5354 | D:6      | Reached skill level 5 in Fighting
  5396 | D:6      | Noticed Goblin1989's ghost (novice VSFi)
  5409 | D:6      | Killed Goblin1989's ghost
  5418 | D:6      | Reached XP level 9. HP: 47/47 MP: 10/10
  5445 | D:6      | Got a transparent ring mail
  5456 | D:6      | Identified the +5 ring mail of the Trees {rElec rPois rN+ Int-5} (You found it on level 6 of the Dungeon)
  5481 | D:6      | Found a staircase to the Ecumenical Temple.
  5560 | D:6      | Found a blossoming altar of Fedhas.
  5587 | D:6      | Reached skill level 8 in Short Blades
  6223 | D:7      | Got a smoking dagger
  6224 | D:7      | Identified the cursed +2 dagger of Prescription {freeze, rN++ MR+ Int+2} (You found it on level 7 of the Dungeon)
  6746 | D:8      | Found Zuasein's Antique Armour Shoppe.
  6811 | D:8      | Found a staircase to the Lair.
  6854 | D:8      | Reached ***** piety under Trog
  6924 | D:8      | Found Jillag's Book Shoppe.
  6941 | D:8      | Found a bloodstained altar of Trog.
  7026 | D:8      | Found Osil's Antique Weapon Shoppe.
  7123 | D:8      | Reached skill level 9 in Short Blades
  7273 | D:8      | Found Tuorya's Armour Boutique.
  7278 | D:8      | Bought a +0 helmet of intelligence for 149 gold pieces
  7278 | D:8      | Bought a +1 pair of boots of flying for 214 gold pieces
  7413 | D:8      | Reached XP level 10. HP: 53/53 MP: 11/11
  7646 | D:9      | Found a sacrificial altar of Ru.
  7732 | D:9      | Reached skill level 5 in Stealth
  7764 | D:9      | Noticed Grum
  7850 | D:9      | Killed Grum
  8079 | D:9      | Reached skill level 10 in Short Blades
  8107 | D:9      | Found a glowing silver altar of Zin.
  8441 | D:10     | Entered Level 10 of the Dungeon
  8547 | D:10     | Received a gift from Trog
  8631 | D:10     | Reached skill level 5 in Dodging
  8649 | D:10     | Found a staircase to the Orcish Mines.
  8707 | D:10     | Noticed a hill giant
  8715 | D:10     | Killed a hill giant
  8732 | D:10     | Found Xatyrhod's General Store.
  8737 | D:10     | Bought a scroll of immolation for 42 gold pieces
  8913 | D:10     | Reached XP level 11. HP: 59/59 MP: 4/12
  8982 | D:10     | Noticed a hill giant
  9002 | D:10     | Killed a hill giant
  9002 | D:10     | Reached skill level 5 in Armour
  9543 | D:11     | Noticed a hill giant
  9557 | D:11     | Killed a hill giant
  9624 | D:11     | Noticed Fannar
  9642 | D:11     | Killed Fannar
  9659 | D:11     | Noticed a hill giant
  9660 | D:11     | Noticed a tengu warrior
  9660 | D:11     | Noticed a tengu warrior
  9672 | D:11     | Killed a tengu warrior
  9673 | D:11     | Killed a tengu warrior
  9674 | D:11     | Killed a hill giant
 10007 | D:11     | Noticed Josephine
 10044 | D:11     | Killed Josephine
 10419 | Orc:1    | Entered Level 1 of the Orcish Mines
 10934 | Orc:2    | Reached skill level 10 in Fighting
 10991 | Orc:2    | Gained mutation: You regenerate. [Vine Stalker growth]
 10991 | Orc:2    | Reached XP level 12. HP: 67/67 MP: 4/13
 11332 | Orc:3    | Noticed Maud
 11341 | Orc:3    | Killed Maud
 11637 | Orc:3    | Noticed Harold
 11691 | Orc:3    | Killed Harold
 11691 | Orc:3    | Received a gift from Trog
 11729 | Orc:3    | Found a staircase to the Elven Halls.
 11793 | Orc:3    | Reached skill level 11 in Fighting
 12147 | Orc:2    | Found Ocsistae's Assorted Antiques.
 12180 | Orc:2    | Bought a scroll labeled WEOCREE NYTEROIH for 36 gold pieces
 12180 | Orc:2    | Bought a golden potion for 32 gold pieces
 12180 | Orc:2    | Bought an iron ring for 180 gold pieces
 12262 | Orc:4    | Entered Level 4 of the Orcish Mines
 12262 | Orc:4    | Found Gaefuh's Assorted Antiques.
 12265 | Orc:4    | Bought a scroll of identify for 62 gold pieces
 12265 | Orc:4    | Bought a glowing copper wand for 124 gold pieces
 12391 | Orc:4    | Noticed Donald
 12405 | Orc:4    | Killed Donald
 12729 | Lair:1   | Entered Level 1 of the Lair of Beasts
 12766 | Lair:1   | Reached skill level 1 in Shields
 12810 | Lair:1   | Noticed Joseph
 12832 | Lair:1   | Killed Joseph
 13112 | Lair:1   | Received a gift from Trog
 13561 | Lair:2   | Reached XP level 13. HP: 74/74 MP: 4/14
 14357 | Lair:3   | Reached skill level 5 in Shields
 14882 | Lair:3   | Noticed Gastronok
 14894 | Lair:3   | Killed Gastronok
 14894 | Lair:3   | Reached skill level 12 in Fighting
 15043 | Lair:3   | Received a gift from Trog
 16726 | Lair:5   | Received a gift from Trog
 16946 | Lair:5   | Found a staircase to the Snake Pit.
 17474 | Lair:5   | Reached XP level 14. HP: 65/81 MP: 5/15
 17806 | Lair:6   | Found a staircase to the Shoals.
 18108 | Lair:6   | Found a runed door.
 18115 | Lair:6   | Found a viscous altar of Jiyva.
 18268 | Lair:6   | Found a staircase to the Slime Pits.
 19487 | Lair:8   | Entered Level 8 of the Lair of Beasts
 19553 | Lair:8   | Reached ****** piety under Trog
 19887 | Lair:8   | Reached skill level 10 in Dodging
 20007 | Lair:8   | Found a white marble altar of Elyvilon.
 20194 | Lair:8   | Reached skill level 13 in Fighting
 20248 | Lair:8   | Reached skill level 10 in Shields
 20332 | Lair:8   | Received a gift from Trog
 20431 | Lair:8   | Reached XP level 15. HP: 53/86 MP: 5/16
 20671 | Lair:8   | Received a gift from Trog
 20680 | Lair:8   | Got a dazzling short sword {god gift}
 20681 | Lair:8   | Identified the +8 short sword "Gosie" {freeze, +Fly MR+} (Trog gifted it to you on level 8 of the Lair of Beasts)
 20976 | Lair:8   | Identified a +3 rod of inaccuracy (13/13) (You found it on level 8 of the Lair of Beasts)
 21687 | Orc:4    | Found a roughly hewn altar of Beogh.
 21775 | Orc:4    | Found a roughly hewn altar of Beogh.
 21822 | Orc:4    | Received a gift from Trog
 21965 | Orc:4    | Found a roughly hewn altar of Beogh.
 22238 | Orc:4    | Noticed an orc high priest
 22278 | Orc:4    | Killed from afar by a smoke demon

Action                   |  1- 3 |  4- 6 |  7- 9 | 10-12 | 13-15 || total
-------------------------+-------+-------+-------+-------+-------++-------
Melee: Short sword       |   135 |   295 |   481 |   231 |    36 ||  1178
       Quick blade       |       |       |       |   764 |  2054 ||  2818
Invok: Berserk           |       |     1 |     4 |     1 |       ||     6
       Trog's Hand       |       |     1 |     3 |     5 |     3 ||    12
       Brothers in Arms  |       |       |       |     6 |     3 ||     9
       Burn Spellbooks   |       |       |       |       |     1 ||     1
Evoke: Wand              |       |     1 |       |     5 |     6 ||    12
  Use: Scroll            |       |     1 |     9 |     5 |    10 ||    25
 Stab: Sleeping          |     5 |     4 |     5 |    24 |    31 ||    69
       Distracted        |       |       |     1 |     2 |     2 ||     5
       Invisible         |       |       |       |     3 |       ||     3
       Petrified         |       |       |       |       |     2 ||     2
  Eat: Chunk             |    16 |     9 |    15 |    22 |    33 ||    95

Vault maps used:
D:1:      lightli_arrival_boilingwater
D:2:      cheibriados_altar_wand_db, first_bread
D:4:      led_sif_book
D:5:      lemuel_insect_pit, nicolae_overflow_crystal_walls,
          portal_sewer_entry_a, serial_park_tiny_pond, uniq_grinder, uniq_edmund
D:6:      lemuel_crystal_altar, minmay_temple_entry_purple_smoke
D:7:      hangedman_glass_teeth
D:8:      lemuel_doored_altar, due_lair_maze_entry_diamond, serial_shops,
          shop_fountains, nicolae_shop_crystal, shop,
          nicolae_shop_overgrown_old_shop
D:9:      nicolae_ru_awakened_eye, zin_treasury, uniq_grum
D:10:     orc_0_dummy, serial_shops, kennysheep_little_box
D:11:     uniq_josephine, uniq_fannar
Lair:1:   minivault_11, uniq_joseph
Lair:2:   infiniplex_staircase_pool_2
Lair:3:   uniq_gastronok
Lair:4:   grunt_megastairs_2
Lair:5:   dummy_snake_entry, infiniplex_staircase_pool
Lair:6:   minmay_shoals_entry_lonely_mermaid, slime_altar_2, serial_forest,
          infiniplex_forest_join, infiniplex_forest_lined_corner,
          infiniplex_forest_fountain, infiniplex_forest_end_2,
          infiniplex_forest_clump_double, infiniplex_forest_lined_room_2,
          infiniplex_forest_clump_long, infiniplex_forest_lined_3,
          infiniplex_forest_zigzag_1
Lair:7:   grunt_forest_large_clearings
Lair:8:   hangedman_lair_in_review, hangedman_lair_caniforms_friends,
          serial_bayou_pond_d, lemuel_centaur_altar
Orc:2:    serial_shops, nicolae_shop_trees
Orc:3:    nicolae_orc_pool_cavern, uniq_harold, uniq_maud
Orc:4:    grunt_orc_community_town_hall, grunt_orc_community_big_house_2,
          grunt_orc_community_big_house_2, grunt_orc_community_house_3,
          grunt_orc_community_house_2, grunt_orc_community_house_2,
          grunt_orc_community_house_3, serial_shops, shop, uniq_donald
Sewer:    sewer_minmay_w
